 Dungeon Crawl Stone Soup version 0.31-a0-251-gdc1e01ee57 (webtiles) character file.

Game seed: 3748846693627493245

1109 qw the Skirmisher (level 8, 0/68 HPs)
             Began as a Minotaur Hexslinger on July 12, 2023.
             Was an Initiate of Okawaru.
             Slain by a yak (14 damage)
             ... on level 5 of the Dungeon.
             The game lasted 00:01:28 (4343 turns).

qw the Skirmisher (Minotaur Hexslinger)             Turns: 4343, Time: 00:01:29

Health: 0/68       AC:  5    Str: 12    XL:     8   Next: 11%
Magic:  6/8        EV: 16    Int: 10    God:    Okawaru [......]
Gold:   269        SH:  0    Dex: 16    Spells: 8/9 levels left

rFire   . . .        Y - +5 sling
rCold   . . .        (no shield)
rNeg    + . .        f - +2 robe {rN+}
rPois   .            (helmet restricted)
rElec   .            (no cloak)
rCorr   .            e - +0 pair of gloves
SInv    .            (no boots)
Will    .....        (no amulet)
Stlth   +++          (no ring)
HPRegen 0.31/turn    (no ring)
MPRegen 0.11/turn

%: no passive effects
@: heroic
A: horns 2, retaliatory headbutt
a: Renounce Religion


You were on level 5 of the Dungeon.
You worshipped Okawaru.
Okawaru was noncommittal.
You visited 2 branches of the dungeon, and saw 6 of its levels.

You collected 269 gold pieces.


Innate Abilities, Weirdness & Mutations

You have a pair of horns on your head.
You reflexively headbutt those who attack you in melee.


   Skills:
 + Level 5.0(10.0) Fighting
 - Level 9.0(14.0) Ranged Weapons
 - Level 1.3(6.3) Armour
 - Level 3.7(8.7) Dodging
 - Level 1.0 Spellcasting
 - Level 2.0 Hexes


You had 8 spell levels left.
You knew the following spells:

 Your Spells              Type           Power      Damage    Failure   Level
a - Slow                  Hex            16%        N/A       16%         1

Your spell library contained the following spells:

 Spells                   Type           Power      Damage    Failure   Level
 Inner Flame              Hex/Fire       2%         N/A       56%         3
 Portal Projectile        Hex/Tloc       4%         N/A       56%         3
 Cause Fear               Hex            2%         N/A       83%         4

Inventory:

Hand Weapons
 Y - a +5 sling (weapon)
Armour
 e - a +0 pair of gloves (worn)
 f - a +2 robe of positive energy (worn)
Scrolls
 c - a scroll of identify
 g - a scroll of blinking {unknown}
 j - a scroll of butterflies {unknown}
Potions
 a - a potion of cancellation {unknown}
 b - a potion of mutation {unknown}
 d - a potion of brilliance {unknown}
 h - a potion of magic {unknown}
 i - a potion of resistance {unknown}
 k - 2 potions of attraction {unknown}

Dungeon Overview and Level Annotations

Branches:
Dungeon (5/15)             Temple (1/1) D:5

Altars:
Hepliaklqana
Kikubaaqudgha
Makhleb
Nemelex Xobeh
Okawaru
Qazlal
Ru
Sif Muna
Yredelemnul
Zin
The Shining One


Message History

The yak is severely wounded.
The yak misses you.
You shoot a sling bullet. The sling bullet hits the yak!
The yak is almost dead.
You hear a bellow!
The yak gores you.
You shoot a sling bullet.
The sling bullet completely misses the yak.
The yak completely misses you.
You shoot a sling bullet. The sling bullet hits the yak!
You kill the yak!
Okawaru accepts your kill.
You can now gain great but temporary skills.
Your Ranged Weapons skill increases to level 9!
You have reached level 8!
You feel agile.
4336 ||| INVOKING Heroism.
You gain the combat prowess of a mighty hero.
You can no longer gain great but temporary skills.
The yak barely misses you. You furiously retaliate!
You headbutt the yak!
A yak comes into view.
You shoot a sling bullet.
The sling bullet closely misses the yak.
The yak misses you. You furiously retaliate!
You headbutt the yak. You shoot a sling bullet.
The sling bullet closely misses the yak.
The yak gores you but does no damage.
You shoot a sling bullet.
The sling bullet closely misses the yak.
You shoot a sling bullet.
The sling bullet hits the yak but does no damage.
The yak is moderately wounded.
The yak closely misses you. You furiously retaliate!
You headbutt the yak. You shoot a sling bullet.
The sling bullet barely misses the yak.
The yak gores you!
You shoot a sling bullet.
The sling bullet hits the yak but does no damage.
The yak is heavily wounded.
You shoot a sling bullet. The sling bullet barely misses the yak.
The yak gores you!
You die...

#.# #.#.# #....... #.##
###.#.# #.#..##. #..#
#.....####.#.>##. ##.#
##.........#..... #.#
#..####.###.###. #.# #
#### #......# #. #.#
#Y## ..# ##.##### #. #.#
#YY###.# #.# #.
#.######@##.# #.# #.
#...##..###.# #.# #.
#...#.### #.# #.# #.
##.###..###.####.# #.
#.# ###.#.......# ###.
#.###..##....#..# #...
#.##.###.###.#..#####.#.
#..##..#.# #............
###.#....###.#..#####.##


You could see 3 yaks.

Vanquished Creatures
  A yak (D:5)
  An ice beast (D:5)
  A black bear (D:4)
  A phantom (D:5)
  A kobold brigand (D:5)
  3 scorpions (D:4)
  A howler monkey (D:5)
  2 hounds (D:4)
  A jelly (D:4)
  An orc priest (D:3)
  A sleepcap (D:4)
  Jessica (D:3)
  3 iguanas
  An orc wizard (D:5)
  6 adders
  A worm (D:3)
  2 dart slugs
  13 orcs
  3 endoplasms
  4 giant cockroaches
  5 hobgoblins
  4 jackals (D:3)
  2 quokkas
  5 ball pythons
  6 bats
  5 frilled lizards
  4 goblins
  15 kobolds
94 creatures vanquished.

Notes
Turn   | Place    | Note
-------+----------+-------------------------------------------
     0 | D:1      | qw the Minotaur Hexslinger began the quest for the Orb.
     0 | D:1      | Reached XP level 1. HP: 16/16 MP: 1/1
     0 | D:1      | 0 ||| qw: Version: 0.3-a-52-g30416fa
     0 | D:1      | 0 ||| qw: Game counter: 6587
     0 | D:1      | 0 ||| qw: Melee chars always use a shield: true
     0 | D:1      | 0 ||| qw: God list: Okawaru
     0 | D:1      | 0 ||| qw: Allow faded altars: false
     0 | D:1      | 0 ||| qw: Do Orc after clearing Dungeon:15 true
     0 | D:1      | 0 ||| qw: Do second Lair branch before Depths: true
     0 | D:1      | 0 ||| qw: Lair rune preference: random
     0 | D:1      | 0 ||| qw: Goals: Normal
     0 | D:1      | 0 ||| PLANNING D:1-11
   225 | D:1      | Found a faded altar of an unknown god.
   256 | D:1      | Reached skill level 3 in Ranged Weapons
   275 | D:1      | Reached XP level 2. HP: 23/23 MP: 2/2
   603 | D:1      | 603 ||| UPGRADING to +0 pair of gloves.
   608 | D:1      | 608 ||| UPGRADING to +0 leather armour.
   618 | D:1      | 618 ||| DROPPING +0 robe.
   619 | D:1      | 619 ||| UPGRADING to +0 ring mail.
   629 | D:1      | 629 ||| DROPPING +0 leather armour.
   630 | D:1      | 630 ||| READING 2 scrolls labelled QOANKIQ MARRYTS.
   731 | D:1      | 731 ||| READING scroll labelled SIESU OTITRUMI.
   732 | D:1      | 732 ||| READING scroll labelled GIRIDU ZEQOLAJ.
   733 | D:1      | 733 ||| DROPPING scroll of silence.
   734 | D:1      | 734 ||| DROPPING scroll of poison.
   928 | D:2      | Reached XP level 3. HP: 29/29 MP: 3/3
  1515 | D:2      | Reached skill level 4 in Ranged Weapons
  1716 | D:2      | 1716 ||| READING 3 scrolls labelled LEEVAY JYECKI.
  1717 | D:2      | 1717 ||| READING 2 scrolls of enchant weapon.
  1717 | D:2      | 1717 ||| ENCHANTING +2 sling.
  1718 | D:2      | 1718 ||| READING scroll of enchant weapon.
  1718 | D:2      | 1718 ||| ENCHANTING +3 sling.
  1719 | D:2      | 1719 ||| READING scroll labelled BIP HEMMEMOGI.
  1720 | D:2      | 1720 ||| READING scroll labelled JODUHU RUNYE.
  1739 | D:3      | Reached skill level 1 in Armour
  1804 | D:3      | Reached XP level 4. HP: 36/36 MP: 4/4
  1851 | D:3      | Noticed Jessica
  1862 | D:3      | Killed Jessica
  1920 | D:3      | Reached skill level 5 in Ranged Weapons
  1920 | D:3      | Reached XP level 5. HP: 36/41 MP: 5/5
  2070 | D:3      | 2070 ||| READING scroll of enchant weapon.
  2070 | D:3      | 2070 ||| ENCHANTING +4 sling.
  2119 | D:3      | 2119 ||| UPGRADING to +2 robe of positive energy.
  2129 | D:3      | 2129 ||| DROPPING +0 ring mail.
  2130 | D:3      | 2130 ||| READING scroll labelled DOBROXKO IHEIN.
  2131 | D:3      | 2131 ||| READING scroll labelled KUCAUK MAUDE.
  2258 | D:4      | Reached skill level 3 in Fighting
  2464 | D:4      | Reached skill level 6 in Ranged Weapons
  2529 | D:4      | Reached XP level 6. HP: 52/52 MP: 6/6
  3046 | D:4      | Reached skill level 7 in Ranged Weapons
  3046 | D:4      | Reached XP level 7. HP: 39/60 MP: 7/7
  3165 | D:4      | Identified the staff "Plog" {rPois rC+ Int+2 Dex+3 Poison}
  3359 | D:4      | 3359 ||| DROPPING ring of wizardry.
  3415 | D:5      | Entered Level 5 of the Dungeon
  3446 | D:5      | 3446 ||| Stepping ~*~*~tactically~*~*~ (outnumbered).
  3448 | D:5      | 3448 ||| Stepping ~*~*~tactically~*~*~ (outnumbered).
  3474 | D:5      | HP: 14/60 [kobold/+0 dagger (3)]
  3680 | D:5      | Found a staircase to the Ecumenical Temple.
  3681 | D:5      | 3681 ||| PLANNING TEMPLE
  3690 | Temple   | Entered the Ecumenical Temple
  3781 | Temple   | 3781 ||| PLANNING OKAWARU WORSHIP
  3879 | Temple   | Became a worshipper of Warmaster Okawaru
  3880 | Temple   | 3880 ||| PLANNING D:1-11
  3939 | D:5      | Reached skill level 8 in Ranged Weapons
  4037 | D:5      | Reached skill level 3 in Dodging
  4322 | D:5      | Noticed a yak
  4322 | D:5      | Noticed a yak
  4322 | D:5      | Noticed a yak
  4335 | D:5      | Killed a yak
  4335 | D:5      | Reached * piety under Okawaru
  4336 | D:5      | Reached skill level 9 in Ranged Weapons
  4336 | D:5      | Reached XP level 8. HP: 27/68 MP: 8/8
  4336 | D:5      | 4336 ||| INVOKING Heroism.
  4341 | D:5      | HP: 14/68 [yak (15)]
  4343 | D:5      | Slain by a yak

Levels and vault maps discovered:
D:1:      minmay_arrival_open_corners, layout_loops_ring,
          ebering_ecumenical_altar_box
D:2:      layout_loops_corners, nrook_mini_vaults
D:3:      cheibrodos_pilgrimage, layout_basic, uniq_jessica
D:4:      layout_loops_corners, kennysheep_nub
D:5:      wander_river, layout_loops_ring, minmay_temple_entry_purple_smoke,
          grunt_decor_resistance
Temple:   bh_familiar_temple

Skill      XL: |  1  2  3  4  5  6  7 |
---------------+----------------------+-----
Ranged Weapons | 3 4 5 6 7 9 |  9.0
Fighting       | 2 3 4 5 |  5.0
Armour         | 1 |  1.3
Dodging        | 3 |  3.7
Spellcasting   | |  1.0
Hexes          | |  2.0

Action                     |  1- 3 |  4- 6 |  7- 9 || total
---------------------------+-------+-------+-------++-------
   Fire: Sling             |   128 |   118 |   100 ||   346
 Invoke: Heroism           |       |       |     1 ||     1
    Use: Scroll            |     8 |     3 |       ||    11
 Armour: Robe              |     5 |     7 |    12 ||    24
         Ring mail         |    25 |    13 |       ||    38
  Dodge: Dodged            |    37 |    37 |    34 ||   108

Table legend:
 A = Non-vault XP
 B = Vault XP
 C = Vault XP percentage of total XP
 D = Non-vault monster count
 E = Vault monster count
 F = Vault count percentage of total count
                 A         B        C        D         E       F
            +---------+---------+-------+---------+---------+-------
      Total |    1489 |      96 |   6.1 |      86 |       8 |   8.5
            +---------+---------+-------+---------+---------+-------
        D:1 |      23 |       0 |   0.0 |      18 |       0 |   0.0
        D:2 |      46 |       0 |   0.0 |      11 |       0 |   0.0
        D:3 |      74 |      96 |  56.5 |      20 |       8 |  28.6
        D:4 |     597 |       0 |   0.0 |      15 |       0 |   0.0
        D:5 |     749 |       0 |   0.0 |      22 |       0 |   0.0
            +---------+---------+-------+---------+---------+-------
